Map: Odyssey LE

Players

Nerchio - Winner!

  • Race: Zerg Zerg
  • Spawn Location: 11:00

Elazer

  • Race: Zerg Zerg
  • Spawn Location: 5:00

Event: WCS Valencia 2017

VOD

Have the link to the VOD?

Description

Time

  • Played on: July 15, 2017, 6:53 a.m.
  • Length: 5:20

All games in this series

Show
View Real Time Build Order
Export as new Build Order

Nerchio Zerg - Winner!

Build Orders: Hatch First 

Get SALT Encoding   

  12  0:00  Drone  
  13  0:12  Overlord  
  13  0:16  Drone  
  14  0:30  Drone x2  
  14  0:34  Drone  
  17  0:51  Hatchery  
  17  0:55  Drone  
  17  0:58  Drone  
  18  1:05  Extractor  
  17  1:13  Spawning Pool  
  17  1:17  Drone  
  17  1:20  Drone  
  18  1:28  Drone  
  19  1:38  Overlord  
  19  1:59  Queen  
  19  2:00  Zergling x4  
  23  2:03  Queen, Zergling x2  
  23  2:07  Metabolic Boost  
  26  2:10  Drone  
  26  2:15  Drone  
  28  2:28  Drone x2  
  30  2:35  Zergling x2  
  30  2:39  Zergling x2  
  30  2:43  Queen, Zergling x2  
  33  2:49  Zergling x2  
  32  2:55  Zergling x2  
  32  2:57  Zergling x2  
  32  3:04  Zergling x2  
  31  3:08  Zergling x4  
  31  3:09  Zergling x4  
  31  3:17  Zergling x2  
  30  3:20  Zergling x2  
  30  3:23  Queen  
  31  3:31  Zergling x4  
  32  3:38  Queen  
  34  3:42  Zergling x2  
  34  3:44  Zergling x2  
  35  3:53  Zergling x2  
  34  4:00  Zergling x4  
  34  4:02  Zergling x2, Spine Crawler  
  30  4:12  Zergling x2  
  30  4:14  Queen  
  32  4:17  Zergling x2  
  32  4:23  Zergling x2  
  34  4:24  Zergling x2  
  34  4:32  Zergling x2  
  34  4:35  Zergling x2  
Show
View Real Time Build Order
Export as new Build Order

Elazer Zerg 

Build Orders: Pool Only 

Get SALT Encoding   

  12  0:00  Drone  
  13  0:10  Extractor  
  12  0:24  Spawning Pool  
  12  0:28  Drone  
  12  0:33  Drone  
  13  0:38  Drone  
  14  0:49  Overlord  
  14  1:10  Metabolic Boost  
  14  1:12  Queen  
  14  1:17  Zergling x2  
  17  1:21  Zergling x2  
  17  1:25  Zergling x2  
  19  1:29  Zergling x2  
  20  1:42  Baneling Nest  
  20  1:44  Zergling x2  
  20  1:51  Zergling x2  
  21  2:03  Overlord  
  21  2:21  Zergling x2  
  22  2:24  Zergling x2  
  22  2:25  Zergling x4  
  22  2:28  Baneling  
  25  2:30  Zergling x2  
  25  2:48  Zergling x2  
  25  2:50  Baneling  
  25  3:04  Zergling x4  
  25  3:10  Zergling x2  
  25  3:11  Zergling x2  
  25  3:16  Zergling x2  
  25  3:26  Zergling x2  
  26  3:34  Zergling x2  
  26  3:37  Zergling x4  
  28  3:44  Baneling x2  
  28  3:45  Zergling x4  
  26  4:00  Zergling x2  
  23  4:06  Zergling x4  
  23  4:07  Zergling x2  
  23  4:08  Baneling  
  26  4:12  Zergling x2  
  25  4:21  Zergling x2  
  26  4:30  Zergling x2  
  26  4:34  Zergling x2  
  26  4:35  Zergling x4  
Tags
 
Add a new tag
Caveats
  • Supply blocks, unpowered buildings, or Contaminate may cause inaccurate times.
  • Supply counts are checked every 10 seconds.